Construct Section Command Post
Selects Australian Defense Battlegroup
Selects Australian Light Infantry Section
Australian Light Infantry Section
Construct Platoon Command Post
Australian Light Infantry Section
Selects CMP 15cwt Supply Run
Construct Company Command Post
Selects Reinforced Resource Caches
Australian Light Infantry Section
Australian Light Infantry Section
Selects Archer Tank Destroyer
Selects Defensive Tactics
Selects Vehicle Over Repair
Australian Light Infantry Section
Australian Light Infantry Section
Australian Light Infantry Section